 Dungeon Crawl Stone Soup version 0.18-a0-1666-g3ea6f2b (webtiles) character file.

973 ShittyPlayer the Cutter (level 7, -1/46 HPs)
             Began as a Demonspawn Wizard on Mar 31, 2016.
             Slain by a gnoll
             ... wielding a +0 spear
              (3 damage)
             ... on level 4 of the Dungeon.
             The game lasted 00:28:20 (6087 turns).

ShittyPlayer the Cutter (Demonspawn Wizard)         Turns: 6087, Time: 00:28:20

Health: -1/46      AC:  6    Str:  8      XL:     7   Next: 94%
Magic:  6/11       EV: 12    Int: 19      God:
Gold:   130        SH:  3    Dex:  8 (9)  Spells: 3 memorised, 5 levels left

rFire  . . .     SeeInvis .     g - +0 short sword
rCold  . . .     Gourm    .     a - +0 robe
rNeg   + . .     Faith    .     (no shield)
rPois  .         Spirit   .     b - +0 hat
rElec  .         Dismiss  .     (no cloak)
rCorr  .         Reflect  .     (no gloves)
SustAt .         Harm     .     k - +0 pair of boots
MR     .....     Rnd*Rage +     (no amulet)
Stlth  +++.......               (no ring)
                                q - ring of positive energy

@: not resistant to hostile enchantments, fairly stealthy
A: antennae 1, large bone plates 2, berserk 1, clumsy 1, demonic guardian 1,
dopey 1, nightstalker 1
a: no special abilities


You were on level 4 of the Dungeon.
You were not hungry.

You visited 1 branch of the dungeon, and saw 4 of its levels.

You collected 130 gold pieces.

Inventory:

Hand Weapons
 g - a +0 short sword (weapon)
Armour
 a - a +0 robe (worn)
 b - a +0 hat (worn)
 j - a +0 buckler
 k - a +0 pair of boots (worn)
Jewellery
 q - a ring of positive energy (left hand)
Wands
 s - a wand of hasting (1/9)
Scrolls
 e - 2 scrolls of fog
 f - a scroll of amnesia
 l - 4 scrolls of identify
 m - a scroll of noise
Books
 c - a book of Minor Magic

   Spells                             Type                      Level
   a - Magic Dart                     Conjuration                  1
   b - Blink                          Translocation                2
   c - Call Imp                       Summoning                    2
   d - Repel Missiles                 Charms/Air                   2
   e - Slow                           Hexes                        2
   f - Conjure Flame                  Conjuration/Fire             3
   g - Mephitic Cloud                 Conjuration/Poison/Air       3
Comestibles
 d - 2 bread rations
 p - 2 fruits


   Skills:
 * Level 6.1 Short Blades
 - Level 1.7 Dodging
 + Level 4.6 Stealth
 - Level 3.0 Spellcasting
 - Level 4.0 Conjurations
   Level 1.0 Summonings
   Level 0.8 Translocations


You had 5 spell levels left.
You knew the following spells:

 Your Spells              Type           Power        Failure   Level  Hunger
a - Magic Dart            Conj           ###.         3%          1    None
c - Mephitic Cloud        Conj/Pois/Air  #.......     28%         3    ###....
f - Conjure Flame         Conj/Fire      ##......     21%         3    ###....


Dungeon Overview and Level Annotations

Branches:
Dungeon (4/15)
 Temple: D:4-7

Altars:
Ru
Trog
Xom


Innate Abilities, Weirdness & Mutations

You have a pair of small antennae on your head.
You are mostly covered in large bone plates (AC +3, SH +3).
A weak demonic guardian rushes to your aid.
You are slightly more attuned to the shadows.
You tend to lose your temper in combat.
You are clumsy. (Dex -2)
You are dopey. (Int -2)


Message History

You are engulfed in noxious fumes.
You choke on the stench!
You are more confused.
The gnoll hits the ogre with a club.
The ogre chortles and stares into space.
The gnoll closely misses the gnoll.
The gnoll hits you from afar with a spear.
* * * LOW HITPOINT WARNING * * *
The gnoll hits the gnoll with a club.
The gnoll hits you from afar with a spear.
* * * LOW HITPOINT WARNING * * *
The gnoll barely misses itself.
The gnoll hits you but does no damage.
You aren't carrying any potions.
The ogre shakes.
Your crimson imp blinks!
The gnoll hits you from afar with a spear!
* * * LOW HITPOINT WARNING * * *
You feel less confused.
The gnoll barely misses the gnoll.
The gnoll hits you from afar with a spear.
You die...

≈≈≈≈≈≈≈≈≈≈≈≈≈....≈≈≈≈≈≈†≈≈≈≈≈≈g≈≈
.......................))..))))†.
#####.########....##############)
.........# #.#O#.# #)...).).).
.#######g# #.#.#g# #.########) >*
#.# #.#†#.# #.# ##. ,* ###.#
##gg.## #.# #.. ,* ##.#.# ##†##
#.# #.) ,* ##....# #@######.###
#.. ,* #.....# #.#........# #..
,* ##.g.## #.#.####.#.# #.. ,*
##.## #......#.#.#####.. ** #.#
##5.).......[.##..
#.##########...#............
###.#............#.#.#.##)###.
#.....########.......#.##.# #.
#.#.### #...#.#.#.##.# #.


You could see an ogre (confused), 3 gnolls and a friendly crimson imp.

Vanquished Creatures
  Grinder (D:3)
  An ogre (D:4)
  A scorpion (D:3)
  2 gnoll shamans (D:4)
  A worker ant (D:4)
  A hound skeleton (D:4)
  3 adders
  29 gnolls
  3 worms (D:2)
  2 dart slugs
  5 giant geckos
  4 orcs
  A ball python (D:2)
  2 giant cockroaches
  7 goblins
  4 hobgoblins
  29 jackals
  6 kobolds
  3 quokkas
  11 bats
  A giant gecko skeleton (D:4)
  A giant newt (D:2)
  4 rats
122 creatures vanquished.

Vanquished Creatures (collateral kills)
  An ice beast (D:3)
  A centaur (D:4)
  An ogre (D:4)
  An orc priest (D:3)
  A worker ant (D:4)
  2 gnolls (D:4)
  An adder (D:3)
  2 orcs (D:3)
  A bat (D:3)
  2 jackals (D:4)
13 creatures vanquished.

Grand Total: 135 creatures vanquished

Notes
Turn   | Place    | Note
--------------------------------------------------------------
     0 | D:1      | ShittyPlayer the Demonspawn Wizard began the quest for the Orb.
     0 | D:1      | Reached XP level 1. HP: 13/13 MP: 4/4
   149 | D:1      | Gained mutation: A weak demonic guardian rushes to your aid. [demonic ancestry]
   149 | D:1      | Reached XP level 2. HP: 19/19 MP: 4/6
   684 | D:1      | Gained mutation: You are partially covered in large bone plates (AC +2, SH +2). [demonic ancestry]
   684 | D:1      | Reached XP level 3. HP: 24/24 MP: 4/7
  1225 | D:1      | Learned a level 3 spell: Conjure Flame
  1229 | D:1      | Learned a level 3 spell: Mephitic Cloud
  1371 | D:2      | Found a bloodstained altar of Trog.
  1615 | D:2      | Found a sacrificial altar of Ru.
  1822 | D:2      | Gained mutation: You are slightly more attuned to the shadows. [demonic ancestry]
  1822 | D:2      | Reached XP level 4. HP: 30/30 MP: 3/8
  1919 | D:2      | Found a shimmering altar of Xom.
  2185 | D:3      | Reached skill level 1 in Short Blades
  2667 | D:3      | Noticed an ice beast
  2889 | D:3      | Reached XP level 5. HP: 14/35 MP: 0/9
  3175 | D:3      | Noticed Grinder
  3176 | D:3      | Killed an ice beast
  3176 | D:3      | Reached skill level 2 in Short Blades
  3196 | D:3      | Reached skill level 3 in Short Blades
  3199 | D:3      | Paralysed by Grinder for 2 turns
  3467 | D:3      | Paralysed by Grinder for 2 turns
  3482 | D:3      | Killed Grinder
  3482 | D:3      | Gained mutation: You are mostly covered in large bone plates (AC +3, SH +3). [demonic ancestry]
  3482 | D:3      | Reached XP level 6. HP: 40/41 MP: 0/10
  3522 | D:3      | Reached skill level 4 in Short Blades
  3840 | D:3      | Gained mutation: You have a pair of small antennae on your head. [demonic ancestry]
  3840 | D:3      | Reached XP level 7. HP: 17/46 MP: 0/11
  4480 | D:4      | Reached skill level 5 in Short Blades
  5686 | D:4      | Reached skill level 6 in Short Blades
  5719 | D:4      | Gained mutation: You are clumsy. (Dex -2) [potion of mutation]
  5719 | D:4      | Gained mutation: You tend to lose your temper in combat. [potion of mutation]
  5719 | D:4      | Gained mutation: You are dopey. (Int -2) [potion of mutation]
  6086 | D:4      | HP: 2/46 [gnoll/spear (7)]
  6087 | D:4      | Slain by a gnoll

Vault maps used:
D:1:      minmay_arrival_open_corners
D:2:      lemuel_doored_altar, nicolae_overflow_crystal_walls, bloody_trog,
          serial_bayou_pond_a
D:3:      uniq_grinder
D:4:      lemuel_castle_with_subvaults, first_bread

Skill      XL: |  1  2  3  4  5  6  7 |
---------------+----------------------+-----
Conjurations   | 2 3 4 |  4.0
Short Blades   | 1 3 4 6 |  6.1
Stealth        | 2 3 4 |  4.6
Dodging        | |  1.7
Spellcasting   | |  3.0
Summonings     | |  1.0
Translocations | |  0.8

Action                   |  1- 3 |  4- 6 |  7- 9 || total
-------------------------+-------+-------+-------++-------
Melee: Short sword       |    42 |   122 |   248 ||   412
 Cast: Magic Dart        |    84 |    48 |    29 ||   161
       Mephitic Cloud    |     3 |    11 |    13 ||    27
Evoke: Wand              |       |       |     1 ||     1
  Use: Scroll            |       |       |     8 ||     8
       Potion            |       |       |     5 ||     5
 Stab: Confused          |     2 |     5 |     3 ||    10
       Distracted        |       |       |     2 ||     2
  Eat: Chunk             |     2 |     2 |     3 ||     7
       Meat ration       |       |     1 |       ||     1
       Bread ration      |       |       |     2 ||     2
